 Dungeon Crawl Stone Soup version 0.21.0-24-g2553a33 (webtiles) character file.

924 tidbits the Fighter (level 8, 32/71 HPs)
             Began as a Gnoll Wanderer on Jan 20, 2018.
             Quit the game on level 6 of the Dungeon.
             The game lasted 00:06:44 (974 turns).

tidbits the Fighter (Gnoll Wanderer)                 Turns: 974, Time: 00:06:45

Health: 32/71      AC:  9    Str: 16    XL:     8   Next: 10%
Magic:  12/12      EV: 11    Int: 14    God:
Gold:   125        SH:  0    Dex: 16    Spells: 12/12 levels left

rFire    . . .     SeeInvis .   a - +0 falchion
rCold    . . .     Gourm    .   (no shield)
rNeg     . . .     Faith    .   B - +2 scale mail
rPois    .         Spirit   .   (no helmet)
rElec    .         Reflect  .   (no cloak)
rCorr    .         Harm     .   (no gloves)
MR       .....                  (no boots)
Stlth    +.........             (no amulet)
HPRegen  0.21/turn              (no ring)
MPRegen  0.13/turn              (no ring)

@: no status effects
A: distributed training, fangs 1, strong nose
a: no special abilities


You were on level 6 of the Dungeon.
You were very full.

You visited 1 branch of the dungeon, and saw 6 of its levels.

You collected 125 gold pieces.

Inventory:

Hand Weapons
 a - a +0 falchion (weapon)
 f - a +2 antimagic hand axe
   (You took it off an orc on level 3 of the Dungeon)
 i - a +2 whip of freezing
   (You took it off Pikel on level 5 of the Dungeon)
 j - a +1 mace of holy wrath
   (You took it off an orc priest on level 6 of the Dungeon)
 l - a +0 rapier
Armour
 B - a +2 scale mail (worn)
Wands
 g - a wand of polymorph (8)
 n - a wand of paralysis (6)
Scrolls
 d - 2 scrolls of identify
 e - a scroll of remove curse
 m - a scroll of fear {unknown}
 o - a scroll of blinking {unknown}
 p - a scroll of immolation {unknown}
Potions
 b - 3 potions of curing
 k - a potion of agility
Books
 h - a book of Minor Magic
   (You found it on level 2 of the Dungeon)

   Spells                             Type                      Level
   a - Magic Dart                     Conjuration                  1
   b - Blink                          Translocation                2
   c - Call Imp                       Summoning                    2
   d - Slow                           Hexes                        2
   e - Conjure Flame                  Conjuration/Fire             3
   f - Mephitic Cloud                 Conjuration/Poison/Air       3
Comestibles
 c - 4 rations


   Skills:
 + Level 9.0 Fighting
 + Level 2.9 Short Blades
 + Level 5.4 Long Blades
 + Level 2.9 Axes
 + Level 2.9 Maces & Flails
 + Level 2.9 Polearms
 + Level 2.9 Staves
 + Level 2.9 Slings
 + Level 2.9 Bows
 + Level 2.9 Crossbows
 + Level 3.9 Throwing
 + Level 3.9 Armour
 + Level 3.9 Dodging
 + Level 2.9 Stealth
 + Level 3.9 Shields
 + Level 2.9 Unarmed Combat
 + Level 2.9 Spellcasting
 + Level 2.3 Conjurations
 + Level 2.3 Hexes
 + Level 2.3 Charms
 + Level 2.3 Summonings
 + Level 2.3 Necromancy
 + Level 2.3 Translocations
 + Level 2.3 Transmutations
 + Level 2.3 Fire Magic
 + Level 2.3 Ice Magic
 + Level 2.3 Air Magic
 + Level 2.3 Earth Magic
 + Level 2.3 Poison Magic
 + Level 3.2 Invocations
 + Level 2.9 Evocations


You had 12 spell levels left.
You didn't know any spells.

Dungeon Overview and Level Annotations

Branches:
Dungeon (6/15)
 Temple: D:4-7

Altars:
Nemelex Xobeh
Vehumet

Shops:
D:4 %

Annotations:
D:3 Natasha


Innate Abilities, Weirdness & Mutations

Your experience applies equally to all skills.
You have very sharp teeth.
Your uncanny sense of smell can sniff out nearby items.


Message History

The orc priest hits you with a mace of holy wrath.
You barely miss the orc priest.
The orc priest is severely wounded.
The orc priest closely misses you.
You riposte.
You hit the orc priest.
The orc priest is almost dead.
You closely miss the orc priest.
The orc priest is almost dead.
The orc priest closely misses you.
You hit the orc priest.
You kill the orc priest!
You miss something. Something hits you.
You closely miss something.
You hear the slow rusting of a very distant drain.
You hear some strange, mumbled words.
A magic dart appears from out of thin air!
The magic dart hits you!
You miss something. Something hits you.
* * * LOW HITPOINT WARNING * * *
You hit something. Something hits you but does no damage.
You hit something.
You hear some strange, mumbled words.
A puff of flame appears from out of thin air!
The puff of flame misses you.
You hit something. Something hits you but does no damage.
You barely miss something. Something hits you.
* * * LOW HITPOINT WARNING * * *
You hit something but do no damage. Something completely misses you.
You miss something.
You hear some strange, mumbled words.
A puff of flame appears from out of thin air!
The puff of flame hits you!
You miss something. You bite something. Something hits you but does no damage.
You miss something. Something hits you but does no damage.
You closely miss something. Your punch misses something.
Something hits you but does no damage.
You hit something. Something hits you but does no damage.
You closely miss something. Something hits you but does no damage.
You closely miss something. Something hits you but does no damage.
You barely miss something. Something hits you but does no damage.
You barely miss something. You bite something. Something hits you.
* * * LOW HITPOINT WARNING * * *
You miss something. Something completely misses you.
You hit something but do no damage. Something hits you.
* * * LOW HITPOINT WARNING * * *
You hit something. Your bite misses something.
You hear some strange, mumbled words.
A magic dart appears from out of thin air!
The magic dart hits you!
* * * LOW HITPOINT WARNING * * *
You slash something!
You feel a bit more experienced.
Items here: ))) [[ †
Items here: ))) [[ †
j - a mace of holy wrath A bullfrog skeleton comes into view.
The bullfrog skeleton moves out of view.
The bullfrog skeleton misses you.
You hit the bullfrog skeleton.
The bullfrog skeleton is lightly damaged.
The bullfrog skeleton hits you but does no damage.
You barely miss the bullfrog skeleton.
You bite the bullfrog skeleton, but do no damage.
The bullfrog skeleton is lightly damaged.
The bullfrog skeleton hits you but does no damage. x2
You hit the bullfrog skeleton.
The bullfrog skeleton is lightly damaged.
The bullfrog skeleton closely misses you.
You riposte.
You barely miss the bullfrog skeleton.
The bullfrog skeleton is lightly damaged.
You hit the bullfrog skeleton.
The bullfrog skeleton is moderately damaged.
The bullfrog skeleton hits you.
* * * LOW HITPOINT WARNING * * *
You slash the bullfrog skeleton!
The bullfrog skeleton is severely damaged.
The bullfrog skeleton closely misses you.
The bullfrog skeleton hits you but does no damage.
You hit the bullfrog skeleton.
The bullfrog skeleton is severely damaged.
The bullfrog skeleton closely misses you.
You slash the bullfrog skeleton!
The bullfrog skeleton is almost destroyed.
The bullfrog skeleton hits you but does no damage.
You hit the bullfrog skeleton but do no damage.
You bite the bullfrog skeleton.
The bullfrog skeleton is almost destroyed.
The bullfrog skeleton hits you.
* * * LOW HITPOINT WARNING * * *
The bullfrog skeleton closely misses you.
You hit the bullfrog skeleton but do no damage.
The bullfrog skeleton is almost destroyed.
The bullfrog skeleton closely misses you.
You hit the bullfrog skeleton.
You destroy the bullfrog skeleton!
You hear the slow rusting of a very distant drain.
Are you sure you want to abandon this character and quit the game? (Confirm with "yes".)

§§§#...#§§§§§#
§.§#...#§§§§.#
§§§#.⌠.#§§§§§#
§§.#...#§§§.§#
####...#######
####'''#######
.###..†.##
.........#########
..#.............@#
. #.###########.##
#.#.. . #.# #.#.#
#. #.# #.#.#
#.##.# #.#..
#....# #.#.##
###..# #.#.. #..#
#.#.# #..#


There were no monsters in sight!

Vanquished Creatures
  Pikel (D:5)
  An ogre (D:5)
  A scorpion (D:4)
  A hound (D:6)
  A quasit (D:5)
  An orc priest (D:6)
  2 bullfrog skeletons
  Ijyb (D:3)
  2 orc wizards (D:6)
  A worker ant (D:5)
  4 adders
  A shadow imp (D:6)
  A worm (D:4)
  8 orcs
  A giant cockroach (D:6)
  2 goblins (D:3)
  2 hobgoblins (D:3)
  3 kobolds
  A ball python (D:2)
  4 bats
  4 frilled lizards (D:3)
  2 rats (D:2)
45 creatures vanquished.

Notes
Turn   | Place    | Note
-------+----------+-------------------------------------------
     0 | D:1      | tidbits the Gnoll Wanderer began the quest for the Orb.
     0 | D:1      | tidbits set off with: a +2 scale mail, a potion of curing, a +0 falchion, a ration
     0 | D:1      | Reached XP level 1. HP: 26/26 MP: 1/1
    80 | D:3      | Reached XP level 2. HP: 31/33 MP: 2/2
   159 | D:3      | Reached XP level 3. HP: 33/38 MP: 3/3
   166 | D:3      | Noticed Ijyb
   208 | D:3      | Killed Ijyb
   208 | D:3      | Reached skill level 1 in Short Blades
   208 | D:3      | Reached skill level 1 in Axes
   208 | D:3      | Reached skill level 1 in Maces & Flails
   208 | D:3      | Reached skill level 1 in Polearms
   208 | D:3      | Reached skill level 1 in Staves
   208 | D:3      | Reached skill level 1 in Slings
   208 | D:3      | Reached skill level 1 in Bows
   208 | D:3      | Reached skill level 1 in Crossbows
   208 | D:3      | Reached skill level 1 in Stealth
   208 | D:3      | Reached skill level 1 in Unarmed Combat
   208 | D:3      | Reached skill level 1 in Spellcasting
   208 | D:3      | Reached skill level 1 in Invocations
   208 | D:3      | Reached skill level 1 in Evocations
   226 | D:3      | Found a radiant altar of Vehumet.
   233 | D:3      | Noticed Natasha
   249 | D:2      | Reached XP level 4. HP: 21/45 MP: 5/5
   456 | D:4      | Found Naohishuac's Food Shoppe.
   614 | D:4      | Reached skill level 1 in Conjurations
   614 | D:4      | Reached skill level 1 in Hexes
   614 | D:4      | Reached skill level 1 in Charms
   614 | D:4      | Reached skill level 1 in Summonings
   614 | D:4      | Reached skill level 1 in Necromancy
   614 | D:4      | Reached skill level 1 in Translocations
   614 | D:4      | Reached skill level 1 in Transmutations
   614 | D:4      | Reached skill level 1 in Fire Magic
   614 | D:4      | Reached skill level 1 in Ice Magic
   614 | D:4      | Reached skill level 1 in Air Magic
   614 | D:4      | Reached skill level 1 in Earth Magic
   614 | D:4      | Reached skill level 1 in Poison Magic
   614 | D:4      | Reached XP level 5. HP: 37/51 MP: 5/7
   637 | D:5      | Entered Level 5 of the Dungeon
   695 | D:5      | Noticed an ogre
   699 | D:5      | Noticed a slave
   701 | D:5      | Noticed Pikel
   702 | D:5      | Reached skill level 3 in Throwing
   702 | D:5      | Reached skill level 3 in Armour
   702 | D:5      | Reached skill level 3 in Dodging
   702 | D:5      | Reached skill level 3 in Shields
   706 | D:5      | Noticed a slave
   715 | D:5      | Noticed a slave
   722 | D:5      | Killed an ogre
   722 | D:5      | Reached skill level 2 in Invocations
   722 | D:5      | Reached XP level 6. HP: 57/57 MP: 8/8
   732 | D:5      | Reached skill level 5 in Long Blades
   743 | D:5      | Killed Pikel
   743 | D:5      | Reached skill level 9 in Fighting
   743 | D:5      | Reached skill level 2 in Short Blades
   743 | D:5      | Reached skill level 2 in Axes
   743 | D:5      | Reached skill level 2 in Maces & Flails
   743 | D:5      | Reached skill level 2 in Polearms
   743 | D:5      | Reached skill level 2 in Staves
   743 | D:5      | Reached skill level 2 in Slings
   743 | D:5      | Reached skill level 2 in Bows
   743 | D:5      | Reached skill level 2 in Crossbows
   743 | D:5      | Reached skill level 2 in Stealth
   743 | D:5      | Reached skill level 2 in Unarmed Combat
   743 | D:5      | Reached skill level 2 in Spellcasting
   743 | D:5      | Reached skill level 2 in Conjurations
   743 | D:5      | Reached skill level 2 in Hexes
   743 | D:5      | Reached skill level 2 in Charms
   743 | D:5      | Reached skill level 2 in Summonings
   743 | D:5      | Reached skill level 2 in Necromancy
   743 | D:5      | Reached skill level 2 in Translocations
   743 | D:5      | Reached skill level 2 in Transmutations
   743 | D:5      | Reached skill level 2 in Fire Magic
   743 | D:5      | Reached skill level 2 in Ice Magic
   743 | D:5      | Reached skill level 2 in Air Magic
   743 | D:5      | Reached skill level 2 in Earth Magic
   743 | D:5      | Reached skill level 2 in Poison Magic
   743 | D:5      | Reached skill level 3 in Invocations
   743 | D:5      | Reached skill level 2 in Evocations
   743 | D:5      | Reached XP level 7. HP: 64/64 MP: 8/11
   852 | D:6      | Found a sparkling altar of Nemelex Xobeh.
   905 | D:6      | Reached XP level 8. HP: 63/71 MP: 12/12
   974 | D:6      | Quit the game

Skill      XL: |  1  2  3  4  5  6 |
---------------+-------------------+-----
Short Blades   | 1 2 |  2.9
Axes           | 1 2 |  2.9
Maces & Flails | 1 2 |  2.9
Polearms       | 1 2 |  2.9
Staves         | 1 2 |  2.9
Slings         | 1 2 |  2.9
Bows           | 1 2 |  2.9
Crossbows      | 1 2 |  2.9
Stealth        | 1 2 |  2.9
Unarmed Combat | 1 2 |  2.9
Spellcasting   | 1 2 |  2.9
Invocations    | 1 2 3 |  3.2
Evocations     | 1 2 |  2.9
Conjurations   | 1 2 |  2.3
Hexes          | 1 2 |  2.3
Charms         | 1 2 |  2.3
Summonings     | 1 2 |  2.3
Necromancy     | 1 2 |  2.3
Translocations | 1 2 |  2.3
Transmutations | 1 2 |  2.3
Fire Magic     | 1 2 |  2.3
Ice Magic      | 1 2 |  2.3
Air Magic      | 1 2 |  2.3
Earth Magic    | 1 2 |  2.3
Poison Magic   | 1 2 |  2.3
Throwing       | 3 |  3.9
Armour         | 3 |  3.9
Dodging        | 3 |  3.9
Shields        | 3 |  3.9
Long Blades    | 5 |  5.4
Fighting       | 9 |  9.0

Action                   |  1- 3 |  4- 6 |  7- 9 || total
-------------------------+-------+-------+-------++-------
Melee: Falchion          |    62 |    47 |    69 ||   178
       Bite              |     6 |     9 |     8 ||    23
       Unarmed           |    23 |    30 |       ||    53
       Punch             |       |     3 |       ||     3
Evoke: Wand              |       |     9 |       ||     9
  Use: Scroll            |     2 |     2 |       ||     4
       Potion            |       |     3 |       ||     3
 Stab: Paralysed         |       |     8 |       ||     8
  Eat: Ration            |     1 |     1 |       ||     2
Armor: Scale mail        |    40 |    17 |    23 ||    80
       Skin              |       |    41 |       ||    41
Dodge: Dodged            |    36 |    33 |    30 ||    99
       Rpst.: Falchion   |    14 |    12 |     6 ||    32

Table legend:
 A = Turns spent in this place as a percentage of turns spent in the entire game.
 B = Non-inter-level travel turns spent in this place as a percentage of non-inter-level travel turns spent in the entire game.
 C = Inter-level travel turns spent in this place as a percentage of turns spent in this place.
 D = Turns resting spent in this place as a percentage of non-inter-level travel turns spent in this place.
 E = Turns spent auto-exploring this place as a percentage of non-inter-level travel turns spent in this place.
 F = Non-inter-level travel turns spent in this place divided by the number of levels of this place that you've seen.
                   A       B       C       D       E      F
               +-------+-------+-------+-------+-------+----------------------
         Total | 100.0 | 100.0 |   0.7 |   0.0 |   1.9 | 161.2
       Dungeon | 100.0 | 100.0 |   0.7 |   0.0 |   1.9 | 161.2
               +-------+-------+-------+-------+-------+----------------------

Table legend:
 A = Kills in this place as a percentage of kills in entire the game.
 B = Kills by you in this place as a percentage of kills by you in the entire game.
 C = Kills by friends in this place as a percentage of kills by friends in the entire game.
 D = Other kills in this place as a percentage of other kills in the entire game.
 E = Experience gained in this place as a percentage of experience gained in the entire game.
 F = Experience gained in this place divided by the number of levels of this place that you have seen.
                   A       B       C       D       E      F
               +-------+-------+-------+-------+-------+----------------------
         Total | 100.0 | 100.0 |   N/A |   N/A | 100.0 | 220.0
       Dungeon | 100.0 | 100.0 |   N/A |   N/A | 100.0 | 220.0
               +-------+-------+-------+-------+-------+----------------------

Vault maps used:
D:1:      scummos_arrival_gate
D:2:      wad_pebble_path, chequers_ecumenical_altar_lobes, first_ration
D:3:      lemuel_crystal_altar, uniq_natasha, uniq_ijyb, uniq_sigmund
D:4:      serial_shops, nicolae_shop_window_shopping, grunt_decor_clamped,
          tso_metal_star
D:5:      kennysheep_little_box, chequers_ossuary_entry_cave,
          nicolae_qazlal_style_of_elements, uniq_pikel
D:6:      lemuel_coloured_pillars_altar, lemuel_round_altar,
          nemelex_altar_shiori, minmay_temple_entry_glassed_door,
          portal_sewer_entry_b
